 Dungeon Crawl Stone Soup version 0.30-a0-313-gae38170b09 (webtiles) character file.

Game seed: 10618677811699339357

803 Lobster4 the Trooper (level 7, -2/61 (62) HPs)
             Began as a Hill Orc Fighter on Oct 26, 2022.
             Was a Priest of Uskayaw.
             Slain by a phantom (4 damage)
             ... on level 5 of the Dungeon.
             The game lasted 00:11:58 (4219 turns).

Lobster4 the Trooper (Hill Orc Fighter)             Turns: 4219, Time: 00:11:59

HP:   -2/61 (62)    AC: 15    Str: 21    XL:     7   Next: 91%
MP:   7/7           EV:  7    Int:  8    God:    Uskayaw [***...]
Gold: 215           SH:  5    Dex: 10    Spells: 6/6 levels left

rFire   . . .      SeeInvis .    o - +2 flail (vorpal)
rCold   . . .      Faith    .    c - +0 buckler
rNeg    . . .      Spirit   .    v - +0 chain mail
rPois   .          Reflect  .    (no helmet)
rElec   .          Harm     .    y - +0 cloak
rCorr   .          Rampage  .    t - +0 pair of gloves
Will    .....                    n - +2 pair of boots
Stlth   ..........               (no amulet)
HPRegen 0.30/turn                (no ring)
MPRegen 0.10/turn                (no ring)

@: brilliant, hasted, lightly drained, very quick
A: no striking features
a: Renounce Religion, Stomp, Line Pass


You were on level 5 of the Dungeon.
You worshipped Uskayaw.
Uskayaw was noncommittal.
You visited 1 branch of the dungeon, and saw 5 of its levels.

You collected 215 gold pieces.

Inventory:

Hand Weapons
 a - a +0 war axe
 b - a +0 sling
 h - a +0 mace
 o - a +2 vorpal flail (weapon)
 D - a +1 flail of protection
Missiles
 s - 4 poisoned darts (quivered)
 x - 6 atropa-tipped darts
 C - 2 throwing nets
Armour
 c - a +0 buckler (worn)
 f - a +0 scale mail
 n - a +2 pair of boots (worn)
 t - a +0 pair of gloves (worn)
 v - a +0 chain mail (worn)
 y - a +0 cloak (worn)
Wands
 i - a wand of digging (2)
Scrolls
 e - a scroll of amnesia {unknown}
 j - 5 scrolls of teleportation
 k - 2 scrolls of fear {unknown}
 l - 2 scrolls of noise
 m - 2 scrolls of vulnerability {unknown}
 q - 2 scrolls of identify
 r - 2 scrolls of fog {unknown}
 u - a scroll of enchant weapon {unknown}
 w - 2 scrolls of poison {unknown}
 F - a scroll of enchant armour {unknown}
Potions
 d - a potion of might
 g - a potion of cancellation
 p - a potion of haste
 z - a potion of brilliance
 A - a potion of heal wounds {unknown}
 B - a potion of curing {unknown}
 E - a potion of flight {unknown}


   Skills:
 + Level 5.9 Fighting
 + Level 5.7(6.2) Axes
 - Level 2.7(4.1) Maces & Flails
 - Level 1.0 Throwing
 + Level 5.3 Armour
 + Level 5.5 Shields


You had 6 spell levels left.
You didn't know any spells.
Your spell library contained the following spells:

 Spells                   Type           Power      Damage    Failure   Level
 Sting                    Tmut/Pois      0%         1d3       99%         1
 Poisonous Vapours        Pois/Air       0%         N/A       100%        2
 Olgreb's Toxic Radiance  Pois           0%         N/A       100%        4


Dungeon Overview and Level Annotations

Branches:
Dungeon (5/15)
 Temple: D:4-7

Altars:
Dithmenos
Kikubaaqudgha
Uskayaw
The Shining One
Beogh

Shops:
D:4 (

Annotations:
D:4 1 runed translucent door, Darkkill's ghost, amateur KoHu


Message History

You hit the phantom but do no damage.
The phantom is heavily damaged.
The centaur shoots an arrow.
The arrow hits you!
The phantom hits you but does no damage.
You are too injured to fight recklessly!
You sock the dart slug!
The dart slug is almost dead.
The phantom hits you but does no damage.
The centaur shoots an arrow.
The arrow hits you! The dart slug launches a dart at you.
The slug dart hits you but does no damage.
Uskayaw will force your foes to share their pain.
Uskayaw links your audience in an emotional bond!
You barely miss the dart slug.
The dart slug is almost dead.
The phantom hits you but does no damage.
The dart slug launches a dart at you. You block the slug dart.
The necrophage hits you.
You feel drained.
* * * LOW HITPOINT WARNING * * *
You block the phantom's attack.
You sock the dart slug!
You kill the butterfly!
You kill the dart slug!
The centaur is no longer sharing its pain.
The phantom is no longer sharing its pain.
The necrophage is no longer sharing its pain.
The phantom hits you but does no damage.
The necrophage hits you but does no damage.
The centaur shoots an arrow.
The arrow hits you!
* * * LOW HITPOINT WARNING * * *
The centaur shoots an arrow.
The arrow hits you!
* * * LOW HITPOINT WARNING * * *
You block the phantom's attack.
Okay, then.
Unknown command.
It was a potion of brilliance.
You feel clever all of a sudden.
The phantom hits you but does no damage.
The phantom attacks as you move away! The phantom barely misses you.
You feel yourself speed up. The phantom hits you.
You die...

###########
#.W@.......
#n######...
##c.......
#.....##### #.....#
#.......#
#######.......#
#.....)...>...#
#####.########.##.#


You could see a necrophage and a phantom.

Vanquished Creatures
  Duvessa (D:4)
  A phantom (D:4)
  Dowan (D:4)
  A howler monkey (D:4)
  2 hounds (D:5)
  A jelly (D:4)
  5 orc priests
  Ijyb (D:4)
  3 orc wizards
  4 gnolls (D:5)
  4 adders
  A white imp (D:3)
  4 worms
  2 dart slugs
  23 orcs
  5 ball pythons
  5 endoplasms
  A giant cockroach (D:1)
  5 hobgoblins
  3 jackals (D:3)
  5 kobolds
  3 quokkas
  7 bats
  2 frilled lizards
  7 goblins
  2 goblin skeletons (D:3)
  A goblin zombie (D:3)
  5 hobgoblin zombies (D:3)
  A kobold zombie (D:3)
  An orc zombie (D:3)
  6 rats
  A butterfly (D:5)
114 creatures vanquished.

Notes
Turn   | Place    | Note
-------+----------+-------------------------------------------
     0 | D:1      | Lobster4 the Hill Orc Fighter began the quest for the Orb.
     0 | D:1      | Reached XP level 1. HP: 19/19 MP: 1/1
    64 | D:1      | Reached XP level 2. HP: 27/27 MP: 2/2
   116 | D:1      | Found an ancient bone altar of Kikubaaqudgha.
   762 | D:1      | Reached XP level 3. HP: 30/33 MP: 3/3
  1208 | D:2      | Found a roughly hewn altar of Beogh.
  1245 | D:2      | Found a faded altar of an unknown god.
  1343 | D:2      | Reached skill level 1 in Throwing
  1743 | D:3      | Found a glowing golden altar of the Shining One.
  1752 | D:3      | Reached XP level 4. HP: 18/40 MP: 4/4
  2399 | D:4      | Reached XP level 5. HP: 47/47 MP: 5/5
  2425 | D:4      | Noticed a phantom
  2439 | D:4      | Killed a phantom
  2488 | D:4      | Reached skill level 1 in Maces & Flails
  2497 | D:4      | Reached XP level 6. HP: 32/55 MP: 6/6
  2599 | D:4      | Found a runed translucent door.
  2635 | D:4      | Found Vybli's Weapon Shoppe.
  2665 | D:4      | Noticed Duvessa
  2721 | D:4      | Noticed Dowan
  2795 | D:4      | Reached skill level 5 in Fighting
  2939 | D:4      | Killed Duvessa
  2940 | D:4      | Reached XP level 7. HP: 56/61 MP: 7/7
  2952 | D:4      | Killed Dowan
  2953 | D:4      | Reached skill level 5 in Axes
  2953 | D:4      | Reached skill level 5 in Shields
  3021 | D:4      | Noticed Ijyb
  3117 | D:4      | Found a shadowy altar of Dithmenos.
  3252 | D:4      | Killed Ijyb
  3363 | D:4      | Reached skill level 5 in Armour
  3503 | D:4      | Noticed Darkkill's ghost (amateur KoHu)
  3660 | D:5      | Entered Level 5 of the Dungeon
  3660 | D:5      | Found a hide-covered altar of Uskayaw.
  3928 | D:5      | Became a worshipper of Uskayaw the Reveller
  4015 | D:5      | Reached * piety under Uskayaw
  4018 | D:5      | Reached ** piety under Uskayaw
  4021 | D:5      | Reached *** piety under Uskayaw
  4211 | D:5      | Reached **** piety under Uskayaw
  4215 | D:5      | HP: 1/61 [centaur/arrow (7)]
  4219 | D:5      | Slain by a phantom

Illustrated notes

Levels and vault maps discovered:
D:1:      dpeg_arrival_lava_altar, layout_basic, item_on_display_a
D:2:      layout_rooms, hellmonk_ecumenical_altar_defaced_shrine
D:3:      layout_loops_ring, nicolae_tso_besieged_by_evil,
          chequers_serial_rivers_marsh, minmay_stone_trees_small
D:4:      layout_basic, nicolae_dithmenos_shadow_blocks, ebering_ghost_sewer_d,
          serial_shops, kennysheep_mini, uniq_ijyb, uniq_duvessa,
          uniq_crazy_yiuf_cottage
D:5:      layout_loops_ring, eat_drink_and_be_merry_uskayaw,
          minmay_temple_entry_butterflies

Skill      XL: |  1  2  3  4  5  6  7 |
---------------+----------------------+-----
Axes           | 3 4 5 |  5.7
Fighting       | 4 5 |  5.9
Throwing       | 1 |  1.0
Shields        | 4 5 |  5.5
Armour         | 4 5 |  5.3
Maces & Flails | 1 2 |  2.7

Action                   |  1- 3 |  4- 6 |  7- 9 || total
-------------------------+-------+-------+-------++-------
Melee: War axe           |   130 |    70 |       ||   200
       Flail             |       |    62 |   104 ||   166
Throw: Dart              |       |     3 |       ||     3
  Use: Scroll            |     1 |     3 |     1 ||     5
       Potion            |       |     1 |     4 ||     5
 Stab: Paralysed         |       |       |     1 ||     1
Armor: Scale mail        |    53 |    65 |    13 ||   131
       Chain mail        |       |       |    48 ||    48
Dodge: Dodged            |    66 |    54 |    40 ||   160
Block: Buckler           |    21 |    22 |    32 ||    75

Table legend: (Time is in decaauts)
 A = Elapsed time spent in this place.
 B = Non-inter-level travel time spent in this place.
 C = Inter-level travel time spent in this place.
 D = Time resting spent in this place.
 E = Time spent auto-exploring this place.
 F = Levels seen in this place.
 G = Mean time per level.
                   A        B        C        D        E       F      G
               +--------+--------+--------+--------+--------+-----+--------+
         Total |   4347 |   4026 |    321 |     81 |   2844 |   5 |  869.4 |
       Dungeon |   4347 |   4026 |    321 |     81 |   2844 |   5 |  869.4 |
               +--------+--------+--------+--------+--------+-----+--------+

Top non-repeatable levels by time:
     D:4: 1166 daAuts
     D:3: 1058 daAuts
     D:1: 994 daAuts
     D:2: 608 daAuts
     D:5: 519 daAuts
